 Dungeon Crawl Stone Soup version 0.26.0-10-g1f06aea511 (webtiles) character file.

Game seed: 13149032158485549838

47 Dracia the Magician (level 3, -1/24 HPs)
             Began as a Demonspawn Hedge Wizard on Jan 19, 2021.
             Slain by Terence
             ... wielding a +0 short sword
              (3 damage)
             ... on level 2 of the Dungeon.
             The game lasted 00:03:40 (1995 turns).

Dracia the Magician (Demonspawn Hedge Wizard)       Turns: 1995, Time: 00:03:40

Health: -1/24      AC:  3    Str: 10    XL:     3   Next: 48%
Magic:  4/8        EV: 12    Int: 15    God:
Gold:   121        SH:  0    Dex: 13    Spells: 0/10 levels left

rFire    . . .     SeeInvis .   a - +0 dagger
rCold    . . .     Faith    .   (no shield)
rNeg     . . .     Spirit   .   l - +0 leather armour
rPois    .         Reflect  .   c - +0 hat
rElec    .         Harm     .   (no cloak)
rCorr    .         Rampage  .   (no gloves)
Will     .....                  (no boots)
Stlth    ++........             (no amulet)
HPRegen  0.08/turn              (no ring)
MPRegen  0.11/turn              (no ring)

@: no status effects
A: sturdy frame 1
a: no special abilities


You were on level 2 of the Dungeon.
You visited 1 branch of the dungeon, and saw 2 of its levels.

You collected 121 gold pieces.


Innate Abilities, Weirdness & Mutations

Your movements are slightly less encumbered by armour. (ER -2)


   Skills:
 - Level 1.7 Dodging
 - Level 1.7 Stealth
 - Level 4.0 Spellcasting
 + Level 2.0 Conjurations
 - Level 1.0 Summonings
 - Level 0.8 Translocations


You couldn't memorise any spells.
You knew the following spells:

 Your Spells              Type           Power        Failure   Level
c - Call Imp              Summ           6%           19%         2
m - Mephitic Cloud        Conj/Pois/Air  5%           41%         3
s - Slow                  Hex            3%           28%         2
z - Magic Dart            Conj           36%          9%          1
I - Blink                 Tloc           N/A          21%         2

Your spell library contained the following spells:

 Spells                   Type           Power        Failure   Level
 Conjure Flame            Conj/Fire      6%           36%         3

Inventory:

Hand Weapons
 a - a +0 dagger (weapon)
Armour
 b - a +0 robe
 c - a +0 hat (worn)
 l - a +0 leather armour (worn)
 m - a scarf of shadows
Scrolls
 d - a scroll of random uselessness {unknown}
 e - a scroll of fog {unknown}
 k - a scroll of fear {unknown}
Potions
 f - a potion of curing {unknown}
 g - a potion of lignification {unknown}
 h - a potion of attraction {unknown}
 i - 2 potions of heal wounds {unknown}
 j - a potion of haste {unknown}

Dungeon Overview and Level Annotations

Branches:
Dungeon (2/15)

Altars:

Annotations:
D:2 Terence

##....# #...# #
##....######...######.#
......................#.
.......................#
...................S....
.##...####.#####.#
.##...# #.# #S# .##...#
#.# #@# .###### #.# #@#
.# ###.#####.#
.#######.........#
.........###...###
.#######.......##### .#
#.##........# .#
#.##..#..##.# .#
#.........#.#### .#
#..............#


You could see Terence and a ball python.


Message History

Terence hits you but does no damage.
You hit Terence.
Terence is severely wounded.
Terence hits you with a +0 short sword.
* * * LOW HITPOINT WARNING * * *
You hit Terence but do no damage.
Terence is severely wounded.
Terence hits you with a +0 short sword.
* * * LOW HITPOINT WARNING * * *
You hit Terence but do no damage.
Terence is severely wounded.
Terence hits you but does no damage.
You closely miss Terence.
Terence is severely wounded.
Terence hits you but does no damage.
You hit Terence but do no damage.
Terence is severely wounded.
Terence hits you but does no damage.
You hit Terence.
Terence is almost dead.
Terence hits you with a +0 short sword.
* * * LOW HITPOINT WARNING * * *
You hit Terence.
Terence is almost dead.
Terence hits you with a +0 short sword.
* * * LOW HITPOINT WARNING * * *
You completely miss Terence.
Terence is almost dead.
Terence hits you with a +0 short sword.
You die...

Skill      XL: |  1  2  3 |
---------------+----------+-----
Spellcasting   | 4 |  4.0
Conjurations   | 2 |  2.0
Dodging        | |  1.7
Stealth        | |  1.7
Summonings     | |  1.0
Translocations | |  0.8

Action                   || total
-------------------------++-------
Melee: Dagger            ||    59
 Cast: Magic Dart        ||    60
       Call Imp          ||     1
Armor: Leather armour    ||    13
Dodge: Dodged            ||    36

Levels and vault maps discovered:
D:1:      nicolae_arrival_somewhat_less_tricky_arrival, layout_basic
D:2:      layout_loops_cross, serial_bayou_ford_a, uniq_terence, uniq_robin,
          uniq_jessica

Notes
Turn   | Place    | Note
-------+----------+-------------------------------------------
     0 | D:1      | Dracia the Demonspawn Hedge Wizard began the quest for the
                  | Orb.
     0 | D:1      | Reached XP level 1. HP: 13/13 MP: 4/4
   478 | D:1      | Gained mutation: Your movements are slightly less
                  | encumbered by armour. (ER -2) [demonic ancestry]
   478 | D:1      | Reached XP level 2. HP: 11/19 MP: 0/6
  1228 | D:2      | Reached skill level 4 in Spellcasting
  1228 | D:2      | Reached XP level 3. HP: 13/24 MP: 1/8
  1779 | D:2      | Reached skill level 2 in Conjurations
  1865 | D:2      | Learned a level 2 spell: Call Imp
  1868 | D:2      | Learned a level 2 spell: Blink
  1871 | D:2      | Learned a level 2 spell: Slow
  1875 | D:2      | Learned a level 3 spell: Mephitic Cloud
  1970 | D:2      | Noticed Terence
  1994 | D:2      | HP: 2/24 [Terence/+0 short sword (4)]
  1995 | D:2      | Slain by Terence

Vanquished Creatures
  A hound skeleton (D:2)
  A worm (D:2)
  A dart slug (D:1)
  6 goblins
  A hobgoblin (D:2)
  4 jackals (D:2)
  A quokka (D:2)
  3 bats (D:1)
  3 frilled lizards
  3 kobolds (D:1)
  7 rats
31 creatures vanquished.

Vanquished Creatures (others)
  2 plants (D:2)
2 creatures vanquished.

Grand Total: 33 creatures vanquished

Table legend: (Time is in decaauts)
 A = Elapsed time spent in this place.
 B = Non-inter-level travel time spent in this place.
 C = Inter-level travel time spent in this place.
 D = Time resting spent in this place.
 E = Time spent auto-exploring this place.
 F = Levels seen in this place.
 G = Mean time per level.
                   A        B        C        D        E       F      G
               +--------+--------+--------+--------+--------+-----+--------+
         Total |   1994 |   1978 |     16 |    430 |   1342 |   2 |  997.0 |
       Dungeon |   1994 |   1978 |     16 |    430 |   1342 |   2 |  997.0 |
               +--------+--------+--------+--------+--------+-----+--------+

Top non-repeatable levels by time:
     D:1: 1126 daAuts
     D:2: 868 daAuts

Table legend:
 A = Non-vault XP
 B = Vault XP
 C = Vault XP percentage of total XP
 D = Non-vault monster count
 E = Vault monster count
 F = Vault count percentage of total count
                 A         B        C        D         E       F
            +---------+---------+-------+---------+---------+-------
      Total |      68 |       0 |   0.0 |      31 |       0 |   0.0
            +---------+---------+-------+---------+---------+-------
        D:1 |      24 |       0 |   0.0 |      18 |       0 |   0.0
        D:2 |      44 |       0 |   0.0 |      13 |       0 |   0.0
            +---------+---------+-------+---------+---------+-------
